 Dungeon Crawl Stone Soup version 0.25.1-2-g60ff931df9 (webtiles) character file.

Game seed: 18382949640607005416

93 Delamore the Cudgeler (level 4, -2/28 HPs)
             Began as a Gargoyle Fighter on Aug 2, 2020.
             Was an Initiate of Okawaru.
             Killed from afar by a white imp (10 damage)
             ... with a puff of frost
             ... summoned by Natasha
             ... on level 3 of the Dungeon.
             The game lasted 00:01:32 (1879 turns).

Delamore the Cudgeler (Gargoyle Fighter)            Turns: 1879, Time: 00:01:33

Health: -2/28      AC: 10    Str: 21    XL:     4   Next: 62%
Magic:  4/4        EV:  7    Int:  8    God:    Okawaru [......]
Gold:   113        SH:  9    Dex:  9    Spells: 3/3 levels left

rFire    . . .     SeeInvis .   a - +0 flail
rCold    . . .     Gourm    .   c - +0 kite shield
rNeg     + . .     Faith    .   b - +0 scale mail
rPois    ∞         Spirit   .   (no helmet)
rElec    +         Reflect  .   (no cloak)
rCorr    .         Harm     .   (no gloves)
MR       .....                  (no boots)
Stlth    ..........             (no amulet)
HPRegen  0.09/turn              h - ring of attention (curse)
MPRegen  0.09/turn              (no ring)

@: slowed, very slow
A: negative energy resistance 1, electricity resistance, unbreathing,
petrification resistance, rot immunity, AC +3
a: Renounce Religion


You were on level 3 of the Dungeon.
You worshipped Okawaru.
Okawaru was noncommittal.
You were not hungry.

You visited 1 branch of the dungeon, and saw 3 of its levels.

You collected 113 gold pieces.

Inventory:

Hand Weapons
 a - a +0 flail (weapon)
Armour
 b - a +0 scale mail (worn)
 c - a +0 kite shield (worn)
Jewellery
 h - a cursed ring of attention (left hand)
Scrolls
 i - a scroll of identify {unknown}
Potions
 d - 2 potions of might
 e - 4 potions of curing
 g - a potion of heal wounds {unknown}
Comestibles
 f - 3 rations
 j - a chunk of flesh


   Skills:
 - Level 3.2 Fighting
 + Level 4.7 Maces & Flails
 - Level 3.2 Armour
 - Level 3.2 Shields


You had 3 spell levels left.
You didn't know any spells.
Your spell library was empty.

Dungeon Overview and Level Annotations

Branches:
Dungeon (3/15)

Altars:
Okawaru

Annotations:
D:3 Natasha


Innate Abilities, Weirdness & Mutations

You are resistant to torment.
Your stone body is resilient. (AC +3)
You are immune to poison.
You resist negative energy. (rN+)
You are resistant to electric shocks. (rElec)
You can survive without breathing.
You are immune to petrification.
You are immune to rotting.


Message History

Natasha mumbles some strange words.
You feel troubled.
Natasha stares at you and mumbles some strange words.
You feel yourself slow down.
You closely miss the crimson imp.
The crimson imp disappears in a puff of smoke!
Natasha howls an incantation.
You feel disoriented. The crimson imp completely misses you.
Natasha mumbles some strange words.
You block the crimson imp's attack.
You closely miss the crimson imp. You block the crimson imp's attack.
The crimson imp hits you but does no damage.
You sock the crimson imp!
The crimson imp is heavily wounded.
Natasha casts a spell.
The crimson imp blinks!
The white imp gestures at you. The puff of frost hits you!
You die...

.##.# #.##.#
.8#.### #.##.#
.##...####.##.#
.####......##.#
.##
#.#######.####
.8# #.# #....#
.## ### ####.#
.##8## #.#
...... #@#
......
..#.####§#
......
.......5h#
.##8##
#.......## .#
## #...#.#5#
.8# ... #.#.#
.## # . ... .#
.# $.# .# %.
.#.#


You could see Natasha and 2 white imps.

Vanquished Creatures
  Natasha (D:3)
  2 adders
  An ooze (D:2)
  A worm (D:3)
  3 dart slugs
  5 bats (D:1)
  A giant cockroach (D:1)
  6 goblins
  3 hobgoblins
  3 jackals (D:2)
  A kobold (D:1)
  2 quokkas (D:2)
  3 frilled lizards (D:1)
  6 rats
38 creatures vanquished.

Notes
Turn   | Place    | Note
-------+----------+-------------------------------------------
     0 | D:1      | Delamore the Gargoyle Fighter began the quest for the Orb.
     0 | D:1      | Reached XP level 1. HP: 14/14 MP: 1/1
   183 | D:1      | Reached XP level 2. HP: 11/19 MP: 2/2
   424 | D:1      | Reached skill level 3 in Maces & Flails
   630 | D:1      | Reached XP level 3. HP: 23/23 MP: 3/3
   864 | D:2      | Reached skill level 4 in Maces & Flails
  1162 | D:2      | Found an iron altar of Okawaru.
  1167 | D:2      | Became a worshipper of Warmaster Okawaru
  1209 | D:2      | Found an iron altar of Okawaru.
  1258 | D:2      | Noticed an ice beast
  1601 | D:3      | Noticed Natasha
  1611 | D:3      | Killed Natasha
  1611 | D:3      | Reached XP level 4. HP: 12/28 MP: 4/4
  1850 | D:3      | Noticed Natasha
  1879 | D:3      | Killed from afar by a white imp

Illustrated notes

Levels and vault maps discovered:
D:1:      co_arrival_square_in_a_square_in_a_square, layout_loops_ring
D:2:      layout_rooms, marbit_many_paths, first_ration, minmay_liquid_box,
          minmay_misc_feat_room, okawaru_metal_pillars_1_2
D:3:      layout_basic, corexii_hall_statues_x, amethyst_killhole, uniq_natasha

Skill      XL: |  1  2  3 |
---------------+----------+-----
Maces & Flails | 3 4 |  4.7
Fighting       | |  3.2
Armour         | |  3.2
Shields        | |  3.2

Action                   |  1- 3 |  4- 6 || total
-------------------------+-------+-------++-------
Melee: Flail             |   155 |    30 ||   185
  Eat: Chunk             |     2 |     1 ||     3
Armor: Scale mail        |   108 |    17 ||   125
Dodge: Dodged            |    55 |    14 ||    69
Block: Kite shield       |   104 |    16 ||   120
